 Dungeon Crawl Stone Soup version 0.30.0 (webtiles) character file.

Game seed: 4768430797421896460

1 BuckSanders the Chiller (level 1, -2/13 HPs)
             Began as a Human Ice Elementalist on June 18, 2023.
             Slain by a worm (8 damage)
             ... on level 2 of the Dungeon.
             The game lasted 00:06:50 (79 turns).

BuckSanders the Chiller (Human Ice Elementalist)      Turns: 79, Time: 00:06:55

Health: -2/13      AC:  2    Str:  8    XL:     1   Next: 22%
Magic:  1/3        EV: 12    Int: 15    God:
Gold:   12         SH:  0    Dex: 13    Spells: 3/4 levels left

rFire   . . .        (no weapon)
rCold   . . .        (no shield)
rNeg    . . .        a - +0 robe
rPois   .            (no helmet)
rElec   .            (no cloak)
rCorr   .            (no gloves)
SInv    .            (no boots)
Will    .....        (no amulet)
Stlth   ++           (no ring)
HPRegen 0.22/turn    (no ring)
MPRegen 0.08/turn

%: no passive effects
@: no status effects
A: no striking features
a: no special abilities


You were on level 2 of the Dungeon.
You visited 1 branch of the dungeon, and saw 2 of its levels.

You collected 12 gold pieces.

Inventory:

Hand Weapons
 g - a +0 dagger
Armour
 a - a +0 robe (worn)
Scrolls
 c - a scroll of poison {unknown}
 f - a scroll of identify {unknown}
Potions
 b - a potion of magic
 d - a potion of degeneration {unknown}
 e - a potion of attraction {unknown}


   Skills:
 + Level 2.0 Dodging
 + Level 2.0 Stealth
 + Level 2.0 Spellcasting
 + Level 4.0 Ice Magic


You had 3 spell levels left.
You knew the following spells:

 Your Spells              Type           Power      Damage    Failure   Level
a - Freeze                Ice            52%        1d6       4%          1

Your spell library contained the following spells:

 Spells                   Type           Power      Damage    Failure   Level
 Frozen Ramparts          Ice            26%        1d4       13%         3
 Ozocubu's Armour         Ice            13%        N/A       13%         3
 Summon Ice Beast         Ice/Summ       7%         N/A       67%         4


Dungeon Overview and Level Annotations

Branches:
Dungeon (1/15)

Altars:


Message History

You kill the goblin!
Things that are here:
a +0 dagger; a goblin corpse
g - a +0 dagger You see here a goblin corpse.
Casting: Freeze (safe; 4% risk of failure)
Confirm with . or Enter, or press ? or * to list all spells.
You can't see any susceptible monsters within range! (Use Z to cast anyway.) Unknown command.
Unknown command.
Casting: Freeze (safe; 4% risk of failure)
Confirm with . or Enter, or press ? or * to list all spells.
Okay, then.
Casting: Freeze (safe; 4% risk of failure)
Confirm with . or Enter, or press ? or * to list all spells.
You can't see any susceptible monsters within range! (Use Z to cast anyway.)
The worm bites you.
Really attack while wielding nothing? [Y]es or [N]o only, please.
Really attack while wielding nothing?
Okay, then.
Really attack while wielding nothing?
Okay, then.
Casting: Freeze (safe; 4% risk of failure)
Confirm with . or Enter, or press ? or * to list all spells.
Aiming: Freeze (safe; 4% risk of failure)
Press: ? - help, Shift-Dir - straight line, f - worm
Aim: a worm You freeze the worm.
The worm is lightly wounded.
Casting: Freeze (safe; 4% risk of failure)
Confirm with . or Enter, or press ? or * to list all spells.
Aiming: Freeze (safe; 4% risk of failure)
Press: ? - help, Shift-Dir - straight line, f/p - worm
Aim: a worm (lightly wounded)
You freeze the worm!
The worm is heavily wounded.
The worm bites you!
Ouch! That really hurt!
You die...

##.#..............
#.................
##.#...............
...#.######...#####
#..#.# #...# #....#
#...# # #....#
#...# .# ...###
#...###########.
..# #.....@w†..##..
#. ##########.##.#
. ###.##.# #
#......# #.#.##.#
.######.#.##.####.#
..........##......#
.$.........#.######
#.#####.##.#.#


You could see a worm.

Vanquished Creatures
  A goblin (D:2)
1 creature vanquished.

Notes
Turn   | Place    | Note
-------+----------+-------------------------------------------
     0 | D:1      | BuckSanders the Human Ice Elementalist began the quest for
                  | the Orb.
     0 | D:1      | Reached XP level 1. HP: 13/13 MP: 3/3
     7 | D:1      | You fall into a shaft and drop 1 floor!
    79 | D:2      | Slain by a worm

Illustrated notes

Levels and vault maps discovered:
D:1:      lightli_arrival_maybe_door_vault, layout_loops_ring,
          hellmonk_ecumenical_altar_crossroads, serial_shops, shop
D:2:      minmay_diamond_boxcup, layout_loops_cross, serial_park_tiny_pond,
          minmay_misc_feat_columns, uniq_sigmund

Action                     || total
---------------------------++-------
  Melee: Unarmed           ||     1
   Cast: Freeze            ||     3
  Dodge: Dodged            ||     4
